 Dungeon Crawl Stone Soup version 0.21-a0-349-g0c35859 (webtiles) character file.

73 tidbits the Charmwright (level 4, -3/38 HPs)
             Began as a Gnoll Skald on Oct 8, 2017.
             Slain by a worker ant (4 damage)
             ... on level 4 of the Dungeon.
             The game lasted 00:05:21 (778 turns).

tidbits the Charmwright (Gnoll Skald)                Turns: 778, Time: 00:05:22

Health: -3/38      AC:  5    Str: 18    XL:     4   Next: 27%
Magic:  11/11      EV: 13    Int: 16    God:
Gold:   89         SH:  0    Dex: 14    Spells: 2/13 levels left

rFire    . . .     SeeInvis .   a - +0 hand axe
rCold    . . .     Gourm    +   (no shield)
rNeg     . . .     Faith    .   l - +0 ring mail
rPois    .         Spirit   .   (no helmet)
rElec    .         Reflect  .   (no cloak)
rCorr    .         Harm     .   (no gloves)
MR       .....                  (no boots)
Stlth    +.........             w - amulet of the gourmand
HPRegen  0.12/turn              u - +4 ring of strength
MPRegen  0.12/turn              (no ring)

@: infused, flying
A: distributed training, fangs 1, strong nose
a: no special abilities


You were on level 4 of the Dungeon.
You were not hungry.

You visited 1 branch of the dungeon, and saw 4 of its levels.

You collected 89 gold pieces.

Inventory:

Hand Weapons
 a - a +0 hand axe (weapon)
Missiles
 t - 2 javelins (quivered)
 v - 19 arrows
Armour
 b - a +0 leather armour
 h - a +0 scale mail
 l - a +0 ring mail (worn)
Magical Staves
 x - an uncursed staff of earth
   (You took it off a hobgoblin on level 3 of the Dungeon)
Jewellery
 u - a +4 ring of strength (left hand)
   (You found it on level 2 of the Dungeon)
 w - an amulet of the gourmand (around neck)
   (You found it on level 3 of the Dungeon)
Scrolls
 e - a scroll of noise {unknown}
 f - a scroll of remove curse {unknown}
 i - a scroll of recharging {unknown}
 j - a scroll of blinking {unknown}
 k - a scroll of enchant weapon {unknown}
 o - a scroll of fog {unknown}
 q - a scroll of amnesia {unknown}
 y - a scroll of teleportation {unknown}
Potions
 s - a potion of might {unknown}
Books
 c - a book of Battle

   Spells                             Type                      Level
   a - Infusion                       Charms                       1
   b - Shroud of Golubria             Charms/Translocation         2
   c - Song of Slaying                Charms                       2
   d - Spectral Weapon                Hexes/Charms                 3
   e - Regeneration                   Charms/Necromancy            3
 m - a book of Maledictions
   (You found it on level 2 of the Dungeon)

   Spells                             Type                      Level
   a - Corona                         Hexes                        1
   b - Ensorcelled Hibernation        Hexes/Ice                    2
   c - Confuse                        Hexes                        3
   d - Tukima's Dance                 Hexes                        3
   e - Dazzling Spray                 Conjuration/Hexes            3
Comestibles
 d - 2 bread rations
 n - 2 royal jellies
 p - 2 meat rations
 z - 4 chunks of flesh


   Skills:
 + Level 4.6 Fighting
 + Level 1.0 Short Blades
 + Level 1.0 Long Blades
 + Level 4.6 Axes
 + Level 1.0 Maces & Flails
 + Level 1.0 Polearms
 + Level 1.0 Staves
 + Level 1.0 Slings
 + Level 1.0 Bows
 + Level 1.0 Crossbows
 + Level 1.0 Throwing
 + Level 2.7 Armour
 + Level 4.6 Dodging
 + Level 1.0 Stealth
 + Level 1.0 Shields
 + Level 1.0 Unarmed Combat
 + Level 5.0 Spellcasting
 + Level 1.0 Conjurations
 + Level 1.0 Hexes
 + Level 6.6 Charms
 + Level 1.0 Summonings
 + Level 1.0 Necromancy
 + Level 1.0 Translocations
 + Level 1.0 Transmutations
 + Level 1.0 Fire Magic
 + Level 1.0 Ice Magic
 + Level 1.0 Air Magic
 + Level 1.0 Earth Magic
 + Level 1.0 Poison Magic
 + Level 1.0 Invocations
 + Level 1.0 Evocations


You had 2 spell levels left.
You knew the following spells:

 Your Spells              Type           Power        Failure   Level  Hunger
g - Shroud of Golubria    Chrm/Tloc      ###.......   9%          2    #......
i - Infusion              Chrm           ####         1%          1    None
r - Regeneration          Chrm/Necr      ###.......   16%         3    ###....
w - Spectral Weapon       Hex/Chrm       ###.....     16%         3    ###....
y - Song of Slaying       Chrm           ####....     2%          2    #......


Dungeon Overview and Level Annotations

Branches:
Dungeon (4/15)
 Temple: D:4-7

Altars:

Annotations:
D:4 Blork the orc


Innate Abilities, Weirdness & Mutations

Your experience applies equally to all skills.
You have very sharp teeth.
Your uncanny sense of smell can sniff out nearby items.


Message History

The hobgoblin suddenly seems more agile.
The adder bites you.
You are poisoned.
The adder poisons you!
You hit the adder!
The adder is almost dead.
You feel sick. The adder bites you.
You slash the adder!
You kill the adder!
You feel sick.
You barely miss the hobgoblin. The hobgoblin barely misses you.
You closely miss the hobgoblin.
The hobgoblin hits you but does no damage.
You miss the hobgoblin.
You bite the hobgoblin, but do no damage.
You feel sick. The hobgoblin completely misses you.
You miss the hobgoblin.
The hobgoblin hits you with a staff of earth.
You slash the hobgoblin!
You kill the hobgoblin!
There is a stone staircase leading up, spattered with blood here.
Things that are here:
a staff of earth; a hobgoblin corpse
x - a staff of earth You feel sick.
You butcher the hobgoblin corpse.
z - 4 chunks of flesh
There is a stone staircase leading up, spattered with blood here.
You feel sick.
You feel sick.
You are no longer poisoned.
There is a stone staircase leading up, spattered with blood here.
You climb upwards.
Your magical infusion is running out.
Found a bread ration and a scroll labeled EJORAHI CIFUFE.
There is a stone staircase leading down here.
d - 2 bread rations (gained 1)
There is a stone staircase leading down here.
You are no longer magically infusing your attacks.
y - a scroll labeled EJORAHI CIFUFE
There is a stone staircase leading down here.
You climb downwards.
There is a stone staircase leading up, spattered with blood here.
You open the door.
There is an open door here.
You open the door.
A quokka comes into view.
There is an open door here.
Casting: Infusion
Confirm with . or Enter, or press ? or * to list all spells.
You begin infusing your attacks with magical energy.
The quokka closely misses you. x2
You hit the quokka!
You kill the quokka!
Magic restored.
Your magical infusion is running out.
You are no longer magically infusing your attacks.
There is an open door here.
Found a stone staircase leading down.
Found a leather armour.
There is a stone staircase leading down here.
You climb downwards.
Level annotation: Blork the orc 2 orcs and an orc priest come into view.
An orc is wielding a falchion of holy wrath.
The orc throws a tomahawk.
The tomahawk hits you but does no damage.
The orc throws a tomahawk.
The tomahawk barely misses you.
Found a scroll labeled EJORAHI CIFUFE.
There is a stone staircase leading up here.
You see here 2 tomahawks.
An orc priest comes into view. It is wielding a dagger.
The orc throws a tomahawk.
The tomahawk barely misses you.
You see here a tomahawk.
The orc priest shouts!
Found a stone staircase leading down.
Found 15 gold pieces.
The orc priest mumbles some strange prayers to Beogh against you.
Pain shoots through your body!
A worker ant comes into view.
The worker ant twitches its antennae in your direction.
The worker ant moves out of view.
Casting: Infusion
Confirm with . or Enter, or press ? or * to list all spells.
You begin infusing your attacks with magical energy.
You hit the orc priest.
The orc priest is lightly wounded.
The orc priest invokes the aid of Beogh against you.
Beogh smites you!
* * * LOW HITPOINT WARNING * * *
It was a potion of magic.
Magic courses through your body.
The orc priest invokes the aid of Beogh against you.
Beogh smites you!
* * * LOW HITPOINT WARNING * * *
The worker ant bites you.
* * * LOW HITPOINT WARNING * * *
It was a potion of flight.
You feel very buoyant.
You fly up into the air.
The worker ant bites you.
You die...

∆ #o..###S# ∆
#.......#
##.#.# #.#
#<...# #.#
##.### #.#
#o#####.######
#.o.......$..#
#.#####.######
#.##.a@o#
#.##.####
.o... ∆ ..##.
#..... #.> #.
#. ..


You could see a worker ant and an orc priest.

Vanquished Creatures
  4 adders
  2 oozes (D:1)
  A worm (D:2)
  A dart slug (D:2)
  A ball python (D:1)
  A giant cockroach (D:1)
  4 goblins
  5 hobgoblins
  A quokka (D:3)
  2 bats
  A frilled lizard (D:2)
  2 kobolds (D:1)
  2 rats
27 creatures vanquished.

Notes
Turn   | Place    | Note
-------+----------+-------------------------------------------
     0 | D:1      | tidbits the Gnoll Skald began the quest for the Orb.
     0 | D:1      | Reached XP level 1. HP: 20/20 MP: 6/6
    92 | D:1      | Reached XP level 2. HP: 26/26 MP: 4/7
   274 | D:2      | Learned a level 2 spell: Song of Slaying
   277 | D:2      | Learned a level 2 spell: Shroud of Golubria
   312 | D:2      | Reached skill level 5 in Spellcasting
   312 | D:2      | Reached XP level 3. HP: 23/31 MP: 4/9
   416 | D:2      | Learned a level 3 spell: Regeneration
   420 | D:2      | Learned a level 3 spell: Spectral Weapon
   528 | D:4      | Noticed Blork the orc
   533 | D:3      | Reached skill level 1 in Short Blades
   533 | D:3      | Reached skill level 1 in Long Blades
   533 | D:3      | Reached skill level 1 in Maces & Flails
   533 | D:3      | Reached skill level 1 in Polearms
   533 | D:3      | Reached skill level 1 in Staves
   533 | D:3      | Reached skill level 1 in Slings
   533 | D:3      | Reached skill level 1 in Bows
   533 | D:3      | Reached skill level 1 in Crossbows
   533 | D:3      | Reached skill level 1 in Throwing
   533 | D:3      | Reached skill level 1 in Stealth
   533 | D:3      | Reached skill level 1 in Shields
   533 | D:3      | Reached skill level 1 in Unarmed Combat
   533 | D:3      | Reached skill level 1 in Conjurations
   533 | D:3      | Reached skill level 1 in Hexes
   533 | D:3      | Reached skill level 1 in Summonings
   533 | D:3      | Reached skill level 1 in Necromancy
   533 | D:3      | Reached skill level 1 in Translocations
   533 | D:3      | Reached skill level 1 in Transmutations
   533 | D:3      | Reached skill level 1 in Fire Magic
   533 | D:3      | Reached skill level 1 in Ice Magic
   533 | D:3      | Reached skill level 1 in Air Magic
   533 | D:3      | Reached skill level 1 in Earth Magic
   533 | D:3      | Reached skill level 1 in Poison Magic
   533 | D:3      | Reached skill level 1 in Invocations
   533 | D:3      | Reached skill level 1 in Evocations
   533 | D:3      | Reached XP level 4. HP: 32/38 MP: 0/11
   777 | D:4      | HP: 3/38 [orc priest/divine providence (10)]
   777 | D:4      | HP: 1/38 [worker ant (2)]
   778 | D:4      | Slain by a worker ant

Vault maps used:
D:1:      shiori_arrival_elements, minivault_5
D:2:      serial_glass, glass_columns_a, glass_columns_a, uniq_sigmund,
          uniq_terence
D:3:      led_sif_pool, minmay_misc_feat_rows
D:4:      kennysheep_mini_moat, tgw_fedhas, uniq_blork_the_orc

Skill      XL: |  1  2  3 |
---------------+----------+-----
Spellcasting   | 5 |  5.0
Short Blades   | 1 |  1.0
Long Blades    | 1 |  1.0
Maces & Flails | 1 |  1.0
Polearms       | 1 |  1.0
Staves         | 1 |  1.0
Slings         | 1 |  1.0
Bows           | 1 |  1.0
Crossbows      | 1 |  1.0
Throwing       | 1 |  1.0
Stealth        | 1 |  1.0
Shields        | 1 |  1.0
Unarmed Combat | 1 |  1.0
Conjurations   | 1 |  1.0
Hexes          | 1 |  1.0
Summonings     | 1 |  1.0
Necromancy     | 1 |  1.0
Translocations | 1 |  1.0
Transmutations | 1 |  1.0
Fire Magic     | 1 |  1.0
Ice Magic      | 1 |  1.0
Air Magic      | 1 |  1.0
Earth Magic    | 1 |  1.0
Poison Magic   | 1 |  1.0
Invocations    | 1 |  1.0
Evocations     | 1 |  1.0
Fighting       | |  4.6
Axes           | |  4.6
Armour         | |  2.7
Dodging        | |  4.6
Charms         | |  6.6

Action                   |  1- 3 |  4- 6 || total
-------------------------+-------+-------++-------
Melee: Hand axe          |    49 |    10 ||    59
       Bite              |     2 |     1 ||     3
 Cast: Infusion          |    11 |     3 ||    14
  Use: Potion            |       |     2 ||     2
Armor: Ring mail         |     8 |     2 ||    10
       Leather armour    |     1 |       ||     1
Dodge: Dodged            |    31 |     6 ||    37

Table legend:
 A = Spawn XP
 B = Non-spawn XP
 C = Spawn XP percentage of total XP
 D = Spawn monster count
 E = Non-spawn monster count
 F = Spawn count percentage of total count
 G = Total turns spent on level
                    A         B        C        D         E        F      G
               +---------+---------+-------+---------+---------+-------+---------
         Total |       0 |     105 |   0.0 |       0 |      27 |   0.0 |   778
               +---------+---------+-------+---------+---------+-------+---------
           D:1 |       0 |      28 |   0.0 |       0 |      10 |   0.0 |   265
           D:2 |       0 |      30 |   0.0 |       0 |       9 |   0.0 |   203
           D:3 |       0 |      47 |   0.0 |       0 |       8 |   0.0 |   289
               +---------+---------+-------+---------+---------+-------+---------

Table legend:
 A = Turns spent in this place as a percentage of turns spent in the entire game.
 B = Non-inter-level travel turns spent in this place as a percentage of non-inter-level travel turns spent in the entire game.
 C = Inter-level travel turns spent in this place as a percentage of turns spent in this place.
 D = Turns resting spent in this place as a percentage of non-inter-level travel turns spent in this place.
 E = Turns spent auto-exploring this place as a percentage of non-inter-level travel turns spent in this place.
 F = Non-inter-level travel turns spent in this place divided by the number of levels of this place that you've seen.
                   A       B       C       D       E      F
               +-------+-------+-------+-------+-------+----------------------
         Total | 100.0 | 100.0 |   4.2 |   0.0 |   0.0 | 186.2
       Dungeon | 100.0 | 100.0 |   4.2 |   0.0 |   0.0 | 186.2
               +-------+-------+-------+-------+-------+----------------------

Table legend:
 A = Kills in this place as a percentage of kills in entire the game.
 B = Kills by you in this place as a percentage of kills by you in the entire game.
 C = Kills by friends in this place as a percentage of kills by friends in the entire game.
 D = Other kills in this place as a percentage of other kills in the entire game.
 E = Experience gained in this place as a percentage of experience gained in the entire game.
 F = Experience gained in this place divided by the number of levels of this place that you have seen.
                   A       B       C       D       E      F
               +-------+-------+-------+-------+-------+----------------------
         Total | 100.0 | 100.0 |   N/A |   N/A | 100.0 |  26.2
       Dungeon | 100.0 | 100.0 |   N/A |   N/A | 100.0 |  26.2
               +-------+-------+-------+-------+-------+----------------------

Vault maps used:
D:1:      shiori_arrival_elements, minivault_5
D:2:      serial_glass, glass_columns_a, glass_columns_a, uniq_sigmund,
          uniq_terence
D:3:      led_sif_pool, minmay_misc_feat_rows
D:4:      kennysheep_mini_moat, tgw_fedhas, uniq_blork_the_orc
